 Dungeon Crawl Stone Soup version 0.30-b1-2-g02819fbbbe (webtiles) character file.

Game seed: 13755257777459660055

1015 Barriton the Conjurer (level 8, 0/59 HPs)
             Began as a Yellow Draconian Conjurer on May 16, 2023.
             Was a Believer of Vehumet.
             Slain by a gnoll
             ... wielding a +0 halberd
             ... led by a gnoll bouda
              (10 damage)
             ... on level 6 of the Dungeon.
             The game lasted 00:07:13 (4888 turns).

Barriton the Conjurer (Yellow Draconian Conjurer)   Turns: 4888, Time: 00:07:13

Health: 0/59       AC:  8    Str: 10    XL:     8   Next: 1%
Magic:  1/15       EV:  6    Int: 26    God:    Vehumet [**....]
Gold:   1484       SH:  0    Dex: 10    Spells: 13/16 levels left

rFire   x .          .
                       - Unarmed
rCold   + . .        (no shield)
rNeg    . . .        (body armour unavailable)
rPois   .            (helmet restricted)
rElec   .            (no cloak)
rCorr   +            (no gloves)
SInv    .            k - +1 pair of boots
Will    .....        b - amulet of regeneration
Stlth   ++           c - ring of ice
HPRegen 1.09/turn    h - +6 ring of intelligence
MPRegen 0.14/turn

%: no passive effects
@: held
A: spit acid, AC +6, unfitting armour, cold-blooded, acid resistance
a: Breathe Acid, Renounce Religion


You were on level 6 of the Dungeon.
You worshipped Vehumet.
Vehumet was pleased with you.
You visited 1 branch of the dungeon, and saw 6 of its levels.

You collected 2160 gold pieces.
You spent 676 gold pieces at shops.

Inventory:

Missiles
 p - a throwing net
Armour
 k - a +1 pair of boots (worn)
Jewellery
 b - an amulet of regeneration (around neck)
 c - a ring of ice (left hand)
 h - a +6 ring of intelligence (right hand)
Wands
 r - a wand of polymorph (9)
Scrolls
 m - 2 scrolls of poison
 o - a scroll of fear
 q - a scroll of identify
Potions
 a - a potion of magic
 d - a potion of degeneration {unknown}
 e - 2 potions of heal wounds
 f - 3 potions of resistance
 g - a potion of flight {unknown}
 i - a potion of brilliance {unknown}
 j - 2 potions of attraction {unknown}
 l - 4 potions of curing
 n - 2 potions of mutation {unknown}


   Skills:
 + Level 1.5 Fighting
 + Level 3.4 Dodging
 + Level 3.0 Stealth
 + Level 1.8 Unarmed Combat
 + Level 4.9 Spellcasting
 + Level 7.1 Conjurations


You had 13 spell levels left.
You knew the following spells:

 Your Spells              Type           Power      Damage    Failure   Level
a - Magic Dart            Conj           100%       1d8       1%          1
b - Searing Ray           Conj           86%        2d7       1%          2

Your spell library contained the following spells:

 Spells                   Type           Power      Damage    Failure   Level
 Shock                    Conj/Air       100%       1d9       1%          1
 Dazzling Flash           Conj/Hex       50%        N/A       5%          3
 Beastly Appendage        Tmut           12%        N/A       8%          1
 Slow                     Hex            24%        N/A       8%          1
 Mephitic Cloud           Conj/Pois/Air  18%        N/A       9%          3
 Call Imp                 Summ           12%        N/A       12%         2
 Cigotuvi's Dreadful Rot  Necr/Pois/Air  12%        N/A       12%         2
 Poisonous Vapours        Pois/Air       12%        N/A       12%         2
 Wereblood                Tmut           6%         N/A       12%         2
 Fulminant Prism          Conj/Hex       12%        3d9       19%         4
 Iskenderun's Mystic Bla  Conj/Tloc      25%        2d7       19%         4
 Confusing Touch          Hex            6%         N/A       24%         3
 Ignite Poison            Fire/Tmut/Pois 6%         N/A       24%         3
 Spider Form              Tmut/Pois      6%         N/A       24%         3
 Vampiric Draining        Necr           6%         2d6       24%         3
 Freezing Cloud           Conj/Ice/Air   14%        6-21      63%         5


Dungeon Overview and Level Annotations

Branches:
Dungeon (6/15)
 Temple: D:4-7

Altars:
Ashenzari
Hepliaklqana
Vehumet
Wu Jian

Shops:
D:1 !   D:5 ?


Innate Abilities, Weirdness & Mutations

You can spit globs of acid.
Your golden yellow scales are hard. (AC +6)
You cannot fit into any form of body armour.
You are cold-blooded and may be slowed by cold attacks.
You are resistant to acid. (rCorr)


Message History

* * * LOW HITPOINT WARNING * * *
The gnoll hits you but does no damage. The orc hits you but does no damage.
You have reached level 8!
You feel agile.
You feel much better.
Your attacks no longer feel as feeble.
The bullfrog closely misses you. The gnoll closely misses you.
The gnoll hits you but does no damage.
The gnoll hits you from afar with a +0 halberd!
* * * LOW HITPOINT WARNING * * *
The orc hits you but does no damage.
Casting: Searing Ray (safe; 1% risk of failure)
Confirm with . or Enter, or press ? or * to list all spells.
Aiming: Searing Ray (safe; 1% risk of failure)
Press: ? - help, Shift-Dir - straight line, f - gnoll
Aim: a gnoll, wielding a +0 halberd (heavily wounded, covering ground quickly, 84% to hit)
The searing ray hits the orc.
You kill the orc!
Vehumet accepts your kill.
The searing ray hits the gnoll!
You kill the gnoll!
Vehumet accepts your kill. (Press . to maintain the ray.)
The bullfrog hits you but does no damage.
The gnoll barely misses you. The gnoll hits you with a +0 whip.
* * * LOW HITPOINT WARNING * * *
The bullfrog barely misses you.
Your Stealth skill increases to level 3!
Casting: Searing Ray (safe; 1% risk of failure)
Confirm with . or Enter, or press ? or * to list all spells.
Restarting spell: Searing Ray (safe; 1% risk of failure)
Press: ? - help, Shift-Dir - straight line The searing ray hits the gnoll.
The gnoll is heavily wounded.
The searing ray hits the gnoll but does no damage. (Press . to maintain the ray.)
The bullfrog hits you.
* * * LOW HITPOINT WARNING * * *
The gnoll hits you from afar with a +0 halberd!
You die...

........#........
.....................
.......................
#.....................
#.....................
#...<..................
##......................
#.......................
#...........@F...........
#.....##.....g)))........
.#..## ##.....g)......# .
#..# #....)......### #.
#.# ##.........## ..
#..........### #..
##...........#####..#
#...##..........#...#
#..#########.......#


You could see a bullfrog and 2 gnolls.

Vanquished Creatures
  A black bear (D:5)
  Pargi (D:3)
  A phantom (D:6)
  3 scorpions
  3 hounds
  2 jellies
  An orc priest (D:5)
  A gnoll bouda (D:6)
  Terence (D:2)
  An iguana (D:5)
  5 orc wizards
  2 adders (D:2)
  9 gnolls
  3 white imps (D:5)
  12 orcs
  4 endoplasms
  2 giant cockroaches
  6 goblins
  8 hobgoblins
  2 jackals (D:3)
  2 quokkas
  5 ball pythons
  5 bats
  3 frilled lizards
  6 kobolds
  4 rats
93 creatures vanquished.

Notes
Turn   | Place    | Note
-------+----------+-------------------------------------------
     0 | D:1      | Barriton the Draconian Conjurer began the quest for the
                  | Orb.
     0 | D:1      | Reached XP level 1. HP: 14/14 MP: 3/3
   239 | D:1      | Reached XP level 2. HP: 20/20 MP: 1/5
   242 | D:1      | Learned a level 2 spell: Searing Ray
   509 | D:1      | Found Weumerph's Distillery.
  1252 | D:2      | Found a radiant altar of Vehumet.
  1277 | D:2      | Became a worshipper of Vehumet
  1343 | D:2      | Noticed Terence
  1349 | D:2      | Killed Terence
  1350 | D:2      | Reached XP level 3. HP: 23/26 MP: 0/6
  1558 | D:2      | Reached skill level 5 in Conjurations
  1685 | D:2      | Identified a scroll of acquirement
  1685 | D:2      | Acquired 743 gold pieces
  1753 | D:3      | Noticed Pargi
  1779 | D:2      | Reached XP level 4. HP: 33/33 MP: 1/7
  1843 | D:3      | Killed Pargi
  1844 | D:3      | Reached XP level 5. HP: 35/38 MP: 0/9
  1960 | D:3      | Found a hazy altar of Hepliaklqana.
  2736 | D:4      | Found a broken altar of Ashenzari.
  2799 | D:4      | Reached skill level 6 in Conjurations
  2799 | D:4      | Reached XP level 6. HP: 45/45 MP: 3/10
  3318 | D:5      | Entered Level 5 of the Dungeon
  3346 | D:5      | Reached * piety under Vehumet
  3346 | D:5      | Offered knowledge of Shock by Vehumet.
  3578 | D:5      | Reached skill level 1 in Unarmed Combat
  3961 | D:5      | Your scales start taking on a golden yellow colour.
  3961 | D:5      | Reached XP level 7. HP: 51/51 MP: 1/13
  3961 | D:5      | Gained mutation: You are resistant to acid. (rCorr) [Yellow
                  | Draconian growth]
  4077 | D:5      | Reached skill level 1 in Fighting
  4158 | D:5      | Found an ornate altar of the Wu Jian Council.
  4353 | D:5      | Found The Oracle's Delphic Readings.
  4357 | D:5      | Bought a scroll of acquirement for 676 gold pieces
  4357 | D:5      | Acquired 1196 gold pieces
  4688 | D:6      | Reached skill level 7 in Conjurations
  4885 | D:6      | HP: 2/52 [bullfrog (1)]
  4886 | D:6      | Reached XP level 8. HP: 2/59 MP: 4/15
  4887 | D:6      | Reached ** piety under Vehumet
  4888 | D:6      | Slain by a gnoll

Illustrated notes

Levels and vault maps discovered:
D:1:      minmay_arrival_open_corners, layout_loops_corners, serial_shops, shop
D:2:      layout_rooms, basic_altar, nicolae_kite_square_tiling_tiny,
          hangedman_decor_riveting, uniq_terence
D:3:      layout_loops_ring, mainiacjoe_overflow_small_starburst, uniq_pargi
D:4:      layout_rooms, ashenzari_altar_1
D:5:      layout_loops_ring, nzn_wu_jian_contemplation,
          nicolae_nh_oracle_at_delphi
D:6:      layout_layer_cave, dreamdust_wishing_well, nicolae_eternal_life

Skill      XL: |  1  2  3  4  5  6  7  8 |
---------------+-------------------------+-----
Stealth        | 2 3 |  3.0
Dodging        | 2 3 |  3.4
Conjurations   | 5 6 7 |  7.1
Spellcasting   | 3 4 |  4.9
Unarmed Combat | 1 |  1.8
Fighting       | 1 |  1.5

Action                     |  1- 3 |  4- 6 |  7- 9 || total
---------------------------+-------+-------+-------++-------
  Melee: Unarmed           |    28 |    61 |     9 ||    98
         Tailslap          |     2 |     6 |     5 ||    13
   Cast: Magic Dart        |    48 |    84 |    54 ||   186
         Searing Ray       |     2 |    10 |     7 ||    19
    Use: Scroll            |     6 |     2 |     2 ||    10
         Potion            |       |       |     2 ||     2
 Armour: Skin              |    14 |    37 |    23 ||    74
  Dodge: Dodged            |    22 |    34 |    33 ||    89
